 Dungeon Crawl Stone Soup version 0.17.1-3-g152610e (webtiles) character file.

329 MirrMurr the Covert (level 6, -5/28 HPs)
             Began as a Spriggan Enchanter on Feb 29, 2016.
             Slain by a gnoll (6 damage)
             ... on level 3 of the Dungeon.
             The game lasted 00:08:31 (3442 turns).

MirrMurr the Covert (Spriggan Enchanter)            Turns: 3442, Time: 00:08:31

Health: -5/28      AC:  3    Str:  4    XL:     6   Next: 25%
Magic:  3/13       EV: 18    Int: 19    God:
Gold:   74         SH:  0    Dex: 16    Spells: 4 memorised, 5 levels left

rFire  . . .     SeeInvis +     a - +2 dagger
rCold  . . .     Clarity  .     b - +1 robe
rNeg   . . .     SustAt   .     (shield restricted)
rPois  .         Gourm    .     (helmet restricted)
rElec  .         Spirit   .     (no cloak)
rCorr  .         Warding  .     (gloves unavailable)
rMut   .         Stasis   .     (boots unavailable)
MR     +....                    (no amulet)
Stlth  +++++.....               (no ring)
                                (no ring)

@: very quick, somewhat resistant to hostile enchantments, quite stealthy
A: unfitting armour, see invisible, herbivore 3, speed 3, slow metabolism 2
a: no special abilities


You were on level 3 of the Dungeon.
You were not hungry.

You visited 1 branch of the dungeon, and saw 3 of its levels.

You collected 74 gold pieces.

Inventory:

Hand Weapons
 a - a +2 dagger (weapon)
Missiles
 e - 88 stones (quivered)
 f - 6 curare-tipped needles
 h - 33 poisoned needles
Armour
 b - a +1 robe (worn)
Jewellery
 d - an uncursed ring of see invisible {unknown}
 g - an uncursed ring of invisibility {unknown}
 o - an uncursed ring of poison resistance {unknown}
 p - a cursed ring of teleportation {unknown}
Scrolls
 n - a scroll of remove curse
 r - a scroll of fog {unknown}
 s - 2 scrolls of enchant weapon
Potions
 i - a potion of flight
 j - a potion of cure mutation {unknown}
 k - a potion of heal wounds {unknown}
 l - a potion of poison {unknown}
 m - 2 potions of lignification {unknown}
 q - a potion of ambrosia {unknown}
Books
 c - a book of Maledictions

   Spells                             Type                      Level
   a - Corona                         Hexes                        1
   b - Ensorcelled Hibernation        Hexes/Ice                    2
   c - Confuse                        Hexes                        3
   d - Tukima's Dance                 Hexes                        3
   e - Dazzling Spray                 Conjuration/Hexes            3
Comestibles
 t - a royal jelly


   Skills:
 - Level 1.1 Short Blades
 - Level 3.0 Dodging
 * Level 9.8 Stealth
 + Level 4.5 Spellcasting
 - Level 3.6 Hexes


You had 5 spell levels left.
You knew the following spells:

 Your Spells              Type           Power        Failure   Level  Hunger
a - Ensorcelled Hibernat  Hex/Ice        ##....       12%         2    #......
b - Confuse               Hex            ###.....     12%         3    ###....
c - Corona                Hex            ###....      3%          1    None
d - Dazzling Spray        Conj/Hex       ##......     21%         3    ###....


Dungeon Overview and Level Annotations

Branches:
Dungeon (3/15)

Altars:
Elyvilon
Gozag
Okawaru
Trog
Vehumet


Innate Abilities, Weirdness & Mutations

You are tiny and cannot use many weapons and most armour.
You have supernaturally acute eyesight.
You are a herbivore.
You cover ground extremely quickly.
You need consume almost no food.


Message History

A gnoll is nearby!
You start resting.
Casting: Confuse
Confirm with . or Enter, or press ? or * to list all spells.
Aiming: Confuse
Press: ? - help, Shift-Dir - straight line, f - gnoll
Aim: a gnoll, wielding a halberd and wearing a chain mail (chance to defeat MR: 57%)
The gnoll appears confused.
The gnoll shouts!
You strike the helpless gnoll from behind!
You impale the gnoll!!
You kill the gnoll!
You hit the gnoll.
The gnoll is moderately wounded.
The gnoll hits you.
The gnoll hits you from afar with a spear!
* * * LOW HITPOINT WARNING * * *
You are too injured to fight recklessly!
The gnoll hits you.
You die...

..## ..<# ...# ### ...##>.+ ♣♣P♣
######### ...#...♣♣♣PP♣♣♣
##.......# ..##...♣PP...P♣#####
##........##
.......♣.P.P.♣♣)(!.###.........#.
.r>....♣♣♣.♣.♣♣.....#..P♣♣.....#.
.g.###..♣♣♣.♣♣..@#..P.P♣♣...P..#.
.#..<....♣♣.♣...gg.....P♣♣♣PP..§.
..#.##.####..)#####.P♣P♣♣ ♣♣...#.
###.##.# ##### #...♣.♣ ♣PP..#.
.......# ##.P..PP..P###♣ ....####
#...PP♣..## ♣♣ ....# ..#.PP... ♣.
##### .##...... ♣♣ # a #.#... ♣


You could see 2 gnolls.

Vanquished Creatures
  Grinder (D:3)
  2 adders (D:2)
  5 gnolls
  An ooze (D:3)
  A worm (D:2)
  2 giant geckos (D:2)
  A ball python (D:2)
  2 giant cockroaches
  11 goblins
  4 hobgoblins
  8 jackals (D:2)
  3 kobolds
  2 quokkas
  11 bats
  A giant newt (D:2)
  8 rats
63 creatures vanquished.

Vanquished Creatures (others)
  A plant (D:3)
1 creature vanquished.

Grand Total: 64 creatures vanquished

Notes
Turn   | Place    | Note
--------------------------------------------------------------
     0 | D:1      | MirrMurr the Spriggan Enchanter began the quest for the Orb.
     0 | D:1      | Reached XP level 1. HP: 9/9 MP: 5/5
   268 | D:1      | Reached skill level 5 in Stealth
   350 | D:1      | Reached XP level 2. HP: 11/13 MP: 6/6
   354 | D:1      | Learned a level 2 spell: Ensorcelled Hibernation
  1133 | D:2      | Reached skill level 6 in Stealth
  1582 | D:2      | Found a bloodstained altar of Trog.
  1943 | D:2      | Reached XP level 3. HP: 16/16 MP: 0/8
  1992 | D:1      | Learned a level 3 spell: Confuse
  2056 | D:2      | Reached skill level 7 in Stealth
  2057 | D:2      | Found an opulent altar of Gozag.
  2102 | D:2      | Found a radiant altar of Vehumet.
  2158 | D:2      | Found an iron altar of Okawaru.
  2270 | D:2      | Reached XP level 4. HP: 19/21 MP: 9/9
  2329 | D:2      | Found a white marble altar of Elyvilon.
  2476 | D:2      | Learned a level 3 spell: Dazzling Spray
  2814 | D:3      | Reached skill level 8 in Stealth
  3081 | D:3      | Noticed Grinder
  3410 | D:3      | Killed Grinder
  3410 | D:3      | Reached skill level 9 in Stealth
  3410 | D:3      | Reached XP level 5. HP: 12/24 MP: 2/12
  3410 | D:3      | Reached XP level 6. HP: 14/28 MP: 2/13
  3441 | D:3      | HP: 1/28 [gnoll/spear (10)]
  3442 | D:3      | Slain by a gnoll

Action                   |  1- 3 |  4- 6 || total
-------------------------+-------+-------++-------
Melee: Dagger            |   112 |    91 ||   203
 Cast: Ensorcelled Hiber |    11 |     7 ||    18
       Confuse           |       |     7 ||     7
  Use: Scroll            |     3 |     2 ||     5
 Stab: Sleeping          |    15 |     6 ||    21
       Distracted        |     1 |     1 ||     2
       Confused          |       |     3 ||     3
  Eat: Bread ration      |       |     1 ||     1
